 Dungeon Crawl Stone Soup version 0.23-a0-296-ga3b1b28 (webtiles) character file.

4 Amnesiac the Magician (level 1, 0/13 HPs)
             Began as a Mummy Wizard on Oct 5, 2018.
             Slain by a bat (1 damage)
             ... on level 1 of the Dungeon.
             The game lasted 00:02:08 (312 turns).

Amnesiac the Magician (Mummy Wizard)                 Turns: 312, Time: 00:02:09

Health: 0/13       AC:  4    Str: 10    XL:     1   Next: 50%
Magic:  2/5        EV: 12    Int: 17    God:
Gold:   0          SH:  0    Dex: 10    Spells: 7/8 levels left

rFire    . . .     SeeInvis .   (no weapon)
rCold    . . .     Gourm    .   (no shield)
rNeg     + + +     Faith    .   a - +0 robe
rPois    ∞         Spirit   .   (no helmet)
rElec    .         Reflect  .   c - +1 cloak
rCorr    .         Harm     .   (no gloves)
MR       .....                  (no boots)
Stlth    +.........             (no amulet)
HPRegen  0.04/turn              d - ring of attention (curse)
MPRegen  0.09/turn              g - ring of fire

@: no status effects
A: no food or potions, fire vulnerability, cold resistance 1, negative energy
resistance 3, torment resistance, unbreathing
a: no special abilities


You were on level 1 of the Dungeon.
You were not hungry.

You visited 1 branch of the dungeon, and saw 1 of its levels.

Inventory:

Armour
 a - a +0 robe (worn)
 c - a +1 cloak (worn)
 f - a +0 pair of boots
Jewellery
 d - a cursed ring of attention (left hand)
 g - a ring of fire (right hand)
Scrolls
 b - 2 scrolls of identify {!r, unknown}
 e - a scroll of magic mapping {!r, unknown}


   Skills:
 - Level 1.5 Dodging
 - Level 1.5 Stealth
 + Level 4.3 Spellcasting
 - Level 0.7 Conjurations
   Level 0.7 Summonings
   Level 0.7 Translocations


You had 7 spell levels left.
You knew the following spells:

 Your Spells              Type           Power        Failure   Level  Hunger
a - Magic Dart            Conj           #...         12%         1    N/A

Your spell library contained the following spells:

 Spells                   Type           Power        Failure   Level  Hunger
 Blink                    Tloc           N/A          17%         2    N/A
 Call Imp                 Summ           #.......     17%         2    N/A
 Slow                     Hex            #.......     22%         2    N/A
 Conjure Flame            Conj/Fire      #.......     36%         3    N/A
 Mephitic Cloud           Conj/Pois/Air  #.......     38%         3    N/A

Dungeon Overview and Level Annotations

Branches:
Dungeon (1/15)

Altars:


Innate Abilities, Weirdness & Mutations

You do not eat or drink.
Your flesh is vulnerable to fire.
You are immune to poison.
Your flesh is cold resistant. (rC+)
You are immune to negative energy. (rN+++)
You are immune to unholy pain and torment.
You can survive without breathing.


Message History

Found a pair of boots.
You see here a pair of boots.
f - a pair of boots A hobgoblin comes into view.
It is wielding a club.
Found a scroll labeled EWOSEH UMPE.
Found a diamond ring.
Found a fuming white potion.
You see here a diamond ring.
g - a diamond ring The hobgoblin hits you with a club.
* * * LOW HITPOINT WARNING * * *
Put on which piece of jewellery? (? for menu, Esc to quit)
You feel more attuned to fire.
g - a ring of fire (right hand)
The hobgoblin barely misses you.
A goblin comes into view. It is wielding a club.
The goblin shouts!
You hear a shout!
You see here a fuming white potion {!q}.
A rat comes into view.
A kobold comes into view. It is wielding a short sword.
The kobold shouts!
The rat bites you but does no damage. The rat closely misses you.
Found a fuming coppery potion.
A bat comes into view.
A hobgoblin comes into view. It is wielding a club.
The hobgoblin shouts!
Found an embroidered robe and a puce potion.
A bat comes into view.
The bat hits you but does no damage.
The rat twitches its whiskers.
The bat closely misses you. x2
The bat barely misses you. The bat barely misses you.
The bat hits you but does no damage. The bat hits you.
* * * LOW HITPOINT WARNING * * *
Casting: Magic Dart (safe; 12% risk of failure)
Confirm with . or Enter, or press ? or * to list all spells.
Aiming: Magic Dart (safe; 12% risk of failure)
Press: ? - help, Shift-Dir - straight line, f - bat
Aim: a bat The magic dart hits the bat.
The bat hits you but does no damage. The bat misses you.
Unknown command.
Casting: Magic Dart (safe; 12% risk of failure)
Confirm with . or Enter, or press ? or * to list all spells.
Aiming: Magic Dart (safe; 12% risk of failure)
Press: ? - help, Shift-Dir - straight line, f/p - bat
Aim: a bat The magic dart hits the bat.
The bat is severely wounded.
The bat barely misses you. The bat hits you.
* * * LOW HITPOINT WARNING * * *
Unknown command.
Casting: Magic Dart (safe; 12% risk of failure)
Confirm with . or Enter, or press ? or * to list all spells.
Aiming: Magic Dart (safe; 12% risk of failure)
Press: ? - help, Shift-Dir - straight line, f/p - bat
Aim: a bat (severely wounded)
The magic dart hits the bat.
You kill the bat!
The bat hits you.
You die...

l.##....?..####..####[.
#.##.....#K.g.K........
#K##.......####K...!...
#.(...###### #g#####!.
####..# #g#####..#
#..(.## #.r.......
#l#### ##g####.## #.#
#b# .l######## #@# #
.....lg..# #.#.# ##
########r# #.# #.# ##.
#.# #.## #.. #..
########l# ##.# # ###
#<. .rr.g....# #..#.
#.. .######### #.#.#
##. .# #.#.# ## l#
#.#.# #


You could see 2 hobgoblins, a goblin, a bat, 2 kobolds and a rat.

Vanquished Creatures
  A goblin (D:1)
  A bat (D:1)
  A frilled lizard (D:1)
  2 rats (D:1)
5 creatures vanquished.

Notes
Turn   | Place    | Note
-------+----------+-------------------------------------------
     0 | D:1      | Amnesiac the Mummy Wizard began the quest for the Orb.
     0 | D:1      | Reached XP level 1. HP: 13/13 MP: 5/5
   312 | D:1      | Slain by a bat

Vault maps used:
D:1:      lightli_arrival_statue_moat, minmay_misc_feat_square

Action                   || total
-------------------------++-------
 Cast: Magic Dart        ||     9
Armor: Robe              ||     6
Dodge: Dodged            ||    14

Table legend:
 A = Non-vault XP
 B = Vault XP
 C = Vault XP percentage of total XP
 D = Non-vault monster count
 E = Vault monster count
 F = Vault count percentage of total count
                 A         B        C        D         E       F
            +---------+---------+-------+---------+---------+-------
      Total |       6 |       0 |   0.0 |       5 |       0 |   0.0
            +---------+---------+-------+---------+---------+-------
        D:1 |       6 |       0 |   0.0 |       5 |       0 |   0.0
            +---------+---------+-------+---------+---------+-------
